[ AOE2 MATCH · #495742885 ]
UnrankedJapanese vs Sicilians
Player's team · WIN
Rival team · LOSS
[ REPLAY ANALYSIS · EXTRACTED FROM THE RECORDED GAME ]
Feudal
8:52
Castle
18:39
Imperial
34:46
| APM avg | 65.7 |
| APM peak | 98 |
| eAPM avg | 27.6 |
| Villagers / military | 143 / 124 |
Focus
⚔️ 40.6% · 🌾 59.4%
Cavalry Archer ×50 · Spearman ×48 · Battering Ram ×11 · Monk ×8 · Trebuchet (Packed) ×3 · Mangonel ×2
Feudal
8:51
Castle
18:37
Imperial
33:43
| APM avg | 62.4 |
| APM peak | 93 |
| eAPM avg | 43.7 |
| Villagers / military | 230 / 100 |
Focus
⚔️ 61.9% · 🌾 38.1%
Knight ×79 · Scorpion ×10 · Trebuchet (Packed) ×6 · Archer ×3 · Monk ×2
Match map
Initial resources + every placement click. Lines = walls · curves = elevation contours. ◆ gold · ⬟ stone · ● berries · ✦ relic · ◌ wall gap
Your base· ✓ Closed at 18:39 · 49t walls · no gate
CNZS_Daniel's base· ✓ Closed at 18:37 · 75t walls · no gate
Smoothed initial terrain · ◌ = detected wall gap · hover for details
Inputs per minute
— KSV - - CNZS_Daniel
Build order — KSV
First 150 of 424 actions detected
| 0:00 | Create | Villager (Male) |
| 0:00 | Create | Villager (Male) |
| 0:01 | Create | Villager (Male) |
| 0:01 | Create | Villager (Male) |
| 0:02 | Build | House |
| 0:03 | Build | House |
| 1:23 | Create | Villager (Male) |
| 1:56 | Build | Lumber Camp |
| 2:00 | Create | Villager (Male) |
| 2:26 | Create | Villager (Male) |
| 2:47 | Create | Villager (Male) |
| 3:07 | Create | Villager (Male) |
| 3:36 | Create | Villager (Male) |
| 4:01 | Build | House |
| 4:05 | Create | Villager (Male) |
| 4:11 | Create | Villager (Male) |
| 5:00 | Create | Villager (Male) |
| 5:12 | Build | Palisade Wall |
| 5:14 | Build | Palisade Wall |
| 5:16 | Create | Villager (Male) |
| 5:22 | Build | Palisade Wall |
| 5:34 | Build | Mill |
| 5:46 | Create | Villager (Male) |
| 6:11 | Research | Loom |
| 6:42 | Research | Feudal Age |
| 6:46 | Build | Lumber Camp |
| 7:38 | Build | House |
| 8:01 | Build | House |
| 8:10 | Build | Barracks |
| 8:36 | Build | Palisade Wall |
| 8:52 | Age | Feudal Age |
| 8:54 | Create | Villager (Male) |
| 9:02 | Build | Archery Range |
| 9:07 | Create | Spearman |
| 9:13 | Create | Villager (Male) |
| 9:18 | Research | Double-Bit Axe |
| 9:28 | Create | Villager (Male) |
| 9:56 | Build | House |
| 9:57 | Create | Skirmisher |
| 10:08 | Create | Villager (Male) |
| 10:12 | Build | Palisade Wall |
| 10:19 | Research | Horse Collar |
| 10:19 | Create | Villager (Male) |
| 10:32 | Create | Villager (Male) |
| 10:45 | Create | Skirmisher |
| 10:46 | Build | Farm |
| 11:00 | Create | Villager (Male) |
| 11:03 | Build | Farm |
| 11:06 | Build | Farm |
| 11:12 | Create | Villager (Male) |
| 11:27 | Build | Farm |
| 11:28 | Build | Farm |
| 11:33 | Build | Farm |
| 11:42 | Build | Farm |
| 11:51 | Build | Farm |
| 12:06 | Build | Farm |
| 12:09 | Build | Farm |
| 12:09 | Create | Villager (Male) |
| 12:29 | Create | Villager (Male) |
| 12:49 | Build | Mining Camp |
| 12:56 | Build | Mining Camp |
| 13:00 | Create | Villager (Male) |
| 13:22 | Create | Villager (Male) |
| 13:28 | Build | House |
| 13:30 | Build | House |
| 13:44 | Create | Villager (Male) |
| 13:46 | Build | Farm |
| 13:48 | Build | Farm |
| 14:07 | Build | Farm |
| 14:11 | Create | Villager (Male) |
| 14:18 | Build | Blacksmith |
| 14:35 | Create | Villager (Male) |
| 15:04 | Create | Villager (Male) |
| 15:14 | Build | House |
| 15:16 | Build | House |
| 15:17 | Build | House |
| 15:31 | Create | Villager (Male) |
| 15:43 | Build | House |
| 15:44 | Build | House |
| 15:59 | Research | Castle Age |
| 16:37 | Build | Archery Range |
| 16:48 | Build | Lumber Camp |
| 17:18 | Research | Fletching |
| 17:18 | Research | Fletching |
| 18:26 | Create | Villager (Male) |
| 18:39 | Create | Villager (Male) |
| 18:39 | Age | Castle Age |
| 18:41 | Build | Town Center |
| 18:45 | Build | Town Center |
| 18:48 | Create | Cavalry Archer |
| 18:52 | Create | Villager (Male) |
| 19:02 | Create | Villager (Male) |
| 19:07 | Create | Villager (Male) |
| 19:13 | Research | Padded Archer Armor |
| 19:13 | Research | Bodkin Arrow |
| 19:15 | Research | Bow Saw |
| 19:16 | Create | Villager (Male) |
| 19:23 | Create | Cavalry Archer |
| 19:27 | Create | Cavalry Archer |
| 19:29 | Create | Villager (Male) |
| 19:32 | Create | Villager (Male) |
| 19:43 | Create | Cavalry Archer |
| 19:44 | Create | Villager (Male) |
| 19:57 | Create | Villager (Male) |
| 20:10 | Create | Villager (Male) |
| 20:15 | Create | Villager (Male) |
| 20:16 | Create | Cavalry Archer |
| 20:17 | Create | Villager (Male) |
| 20:22 | Create | Villager (Male) |
| 20:24 | Build | Monastery |
| 20:29 | Create | Villager (Male) |
| 20:52 | Create | Villager (Male) |
| 20:57 | Create | Cavalry Archer |
| 21:06 | Create | Villager (Male) |
| 21:08 | Build | Farm |
| 21:10 | Build | Farm |
| 21:10 | Create | Villager (Male) |
| 21:11 | Build | Farm |
| 21:12 | Build | Farm |
| 21:14 | Create | Cavalry Archer |
| 21:15 | Create | Monk |
| 21:20 | Build | Palisade Gate |
| 21:23 | Create | Villager (Male) |
| 21:28 | Create | Villager (Male) |
| 21:29 | Create | Cavalry Archer |
| 21:30 | Create | Monk |
| 21:36 | Build | Farm |
| 21:38 | Build | Farm |
| 21:39 | Build | Farm |
| 21:50 | Create | Cavalry Archer |
| 21:50 | Create | Cavalry Archer |
| 21:51 | Create | Villager (Male) |
| 21:54 | Build | House |
| 21:57 | Build | House |
| 21:58 | Create | Villager (Male) |
| 22:10 | Create | Cavalry Archer |
| 22:10 | Create | Villager (Male) |
| 22:12 | Build | Farm |
| 22:14 | Build | Farm |
| 22:17 | Create | Villager (Male) |
| 22:28 | Build | Siege Workshop |
| 22:33 | Create | Villager (Male) |
| 22:35 | Create | Cavalry Archer |
| 22:36 | Create | Villager (Male) |
| 22:38 | Build | Farm |
| 22:39 | Create | Villager (Male) |
| 22:46 | Create | Cavalry Archer |
| 22:49 | Create | Monk |
| 22:54 | Create | Villager (Male) |
| 22:56 | Create | Cavalry Archer |
Build order — CNZS_Daniel
First 150 of 493 actions detected
| 0:01 | Create | Villager (Male) |
| 0:01 | Create | Villager (Male) |
| 0:02 | Build | House |
| 0:03 | Build | House |
| 0:04 | Create | Villager (Male) |
| 0:05 | Create | Villager (Male) |
| 1:24 | Create | Villager (Male) |
| 1:24 | Create | Villager (Male) |
| 2:01 | Build | Lumber Camp |
| 2:03 | Create | Villager (Male) |
| 2:03 | Create | Villager (Male) |
| 2:27 | Create | Villager (Male) |
| 2:27 | Create | Villager (Male) |
| 2:27 | Create | Villager (Male) |
| 2:54 | Create | Villager (Male) |
| 3:32 | Create | Villager (Male) |
| 3:32 | Create | Villager (Male) |
| 3:51 | Build | House |
| 3:56 | Create | Villager (Male) |
| 3:56 | Create | Villager (Male) |
| 4:11 | Build | Palisade Wall |
| 4:22 | Build | Palisade Wall |
| 4:27 | Create | Villager (Male) |
| 4:27 | Create | Villager (Male) |
| 4:31 | Create | Villager (Male) |
| 4:31 | Create | Villager (Male) |
| 4:32 | Create | Villager (Male) |
| 4:47 | Build | Mill |
| 5:10 | Research | Loom |
| 6:29 | Research | Feudal Age |
| 7:26 | Build | Donjon |
| 7:29 | Build | Mining Camp |
| 7:44 | Create | Villager (Male) |
| 8:08 | Build | House |
| 8:09 | Build | Palisade Wall |
| 8:45 | Create | Villager (Male) |
| 8:49 | Create | Villager (Male) |
| 8:51 | Age | Feudal Age |
| 8:51 | Create | Villager (Male) |
| 8:55 | Build | Archery Range |
| 8:59 | Research | Double-Bit Axe |
| 8:59 | Research | Double-Bit Axe |
| 9:14 | Research | Horse Collar |
| 9:14 | Research | Horse Collar |
| 9:20 | Create | Villager (Male) |
| 9:26 | Build | House |
| 9:48 | Create | Archer |
| 9:55 | Create | Villager (Male) |
| 9:55 | Create | Villager (Male) |
| 9:57 | Build | Farm |
| 10:02 | Create | Villager (Male) |
| 10:03 | Build | House |
| 10:18 | Build | Palisade Wall |
| 10:19 | Create | Archer |
| 10:28 | Build | Farm |
| 10:36 | Build | House |
| 10:38 | Create | Villager (Male) |
| 10:39 | Create | Villager (Male) |
| 10:46 | Build | Farm |
| 11:00 | Create | Archer |
| 11:00 | Create | Villager (Male) |
| 11:06 | Build | Palisade Wall |
| 11:14 | Create | Villager (Male) |
| 11:14 | Create | Villager (Male) |
| 11:25 | Build | House |
| 11:26 | Build | Palisade Wall |
| 11:35 | Build | House |
| 11:39 | Create | Villager (Male) |
| 11:39 | Create | Villager (Male) |
| 11:41 | Build | Farm |
| 11:46 | Build | Farm |
| 11:53 | Build | Palisade Wall |
| 11:56 | Create | Villager (Male) |
| 11:56 | Create | Villager (Male) |
| 12:00 | Build | Palisade Wall |
| 12:06 | Create | Villager (Male) |
| 12:06 | Create | Villager (Male) |
| 12:08 | Build | Farm |
| 12:13 | Build | Palisade Wall |
| 12:22 | Build | Palisade Wall |
| 12:26 | Build | Farm |
| 12:29 | Create | Villager (Male) |
| 12:33 | Create | Villager (Male) |
| 12:34 | Build | Palisade Wall |
| 12:48 | Build | Farm |
| 13:02 | Create | Villager (Male) |
| 13:02 | Create | Villager (Male) |
| 13:08 | Create | Villager (Male) |
| 13:12 | Build | Farm |
| 13:17 | Build | Farm |
| 13:31 | Build | Farm |
| 13:38 | Build | Farm |
| 13:52 | Build | Farm |
| 14:10 | Build | Farm |
| 14:20 | Build | Farm |
| 15:01 | Build | Blacksmith |
| 15:44 | Build | Palisade Wall |
| 15:45 | Build | Palisade Wall |
| 15:57 | Research | Castle Age |
| 15:57 | Research | Castle Age |
| 16:06 | Build | Palisade Wall |
| 16:16 | Build | Palisade Wall |
| 16:22 | Build | Stable |
| 16:25 | Build | Palisade Wall |
| 16:28 | Research | Gold Mining |
| 16:28 | Research | Gold Mining |
| 16:37 | Build | Palisade Wall |
| 16:59 | Research | Scale Barding Armor |
| 16:59 | Research | Scale Barding Armor |
| 17:01 | Create | Villager (Male) |
| 17:13 | Create | Villager (Male) |
| 17:58 | Build | House |
| 18:00 | Create | Villager (Male) |
| 18:18 | Create | Villager (Male) |
| 18:37 | Age | Castle Age |
| 18:38 | Build | Town Center |
| 18:41 | Research | Bow Saw |
| 18:41 | Research | Bow Saw |
| 18:44 | Create | Knight |
| 18:44 | Create | Knight |
| 18:50 | Build | House |
| 19:03 | Build | House |
| 19:12 | Create | Villager (Male) |
| 19:13 | Create | Knight |
| 19:18 | Create | Villager (Male) |
| 19:18 | Create | Villager (Male) |
| 19:22 | Create | Villager (Male) |
| 19:27 | Build | House |
| 19:28 | Build | House |
| 19:32 | Create | Villager (Male) |
| 19:37 | Create | Villager (Male) |
| 19:42 | Create | Villager (Male) |
| 19:47 | Build | House |
| 19:55 | Create | Villager (Male) |
| 19:55 | Create | Villager (Male) |
| 20:07 | Create | Villager (Male) |
| 20:07 | Create | Villager (Male) |
| 20:18 | Build | Siege Workshop |
| 20:21 | Create | Knight |
| 20:28 | Build | House |
| 20:31 | Build | House |
| 20:32 | Build | House |
| 20:40 | Create | Villager (Male) |
| 20:53 | Create | Villager (Male) |
| 20:56 | Research | Heavy Plow |
| 20:56 | Research | Heavy Plow |
| 20:58 | Create | Villager (Male) |
| 21:14 | Create | Villager (Male) |
| 21:14 | Create | Villager (Male) |
| 21:15 | Create | Scorpion |
Match timeline
| 4:11 | CNZS_Daniel · wall_segment Palisade Wall x4 |
| 4:22 | CNZS_Daniel · wall_segment Palisade Wall x2 |
| 5:12 | KSV · wall_segment Palisade Wall x3 |
| 5:14 | KSV · wall_segment Palisade Wall x12 |
| 5:22 | KSV · wall_segment Palisade Wall x10 |
| 7:26 | CNZS_Daniel · first_building Donjon |
| 8:09 | CNZS_Daniel · wall_segment Palisade Wall x2 |
| 8:10 | KSV · first_building Barracks |
| 8:36 | KSV · wall_segment Palisade Wall x19 |
| 8:51 | CNZS_Daniel · age_up feudal |
| 8:52 | KSV · age_up feudal |
| 8:55 | CNZS_Daniel · first_building Archery Range |
| 9:02 | KSV · first_building Archery Range |
| 10:12 | KSV · wall_segment Palisade Wall x6 |
| 10:18 | CNZS_Daniel · wall_segment Palisade Wall x6 |
| 11:06 | CNZS_Daniel · wall_segment Palisade Wall x5 |
| 11:26 | CNZS_Daniel · wall_segment Palisade Wall x8 |
| 11:53 | CNZS_Daniel · wall_segment Palisade Wall x2 |
| 12:00 | CNZS_Daniel · wall_segment Palisade Wall x8 |
| 12:13 | CNZS_Daniel · wall_segment Palisade Wall x6 |
| 12:22 | CNZS_Daniel · wall_segment Palisade Wall x4 |
| 12:34 | CNZS_Daniel · wall_segment Palisade Wall x1 |
| 15:44 | CNZS_Daniel · wall_segment Palisade Wall x2 |
| 15:45 | CNZS_Daniel · wall_segment Palisade Wall x6 |
| 16:06 | CNZS_Daniel · wall_segment Palisade Wall x7 |
| 16:16 | CNZS_Daniel · wall_segment Palisade Wall x1 |
| 16:22 | CNZS_Daniel · first_building Stable |
| 16:25 | CNZS_Daniel · wall_segment Palisade Wall x5 |
| 16:37 | CNZS_Daniel · wall_segment Palisade Wall x8 |
| 18:37 | CNZS_Daniel · age_up castle |
| 18:39 | KSV · age_up castle |
| 20:18 | CNZS_Daniel · first_building Siege Workshop |
| 20:24 | KSV · first_building Monastery |
| 22:28 | KSV · first_building Siege Workshop |
| 22:48 | CNZS_Daniel · first_building Monastery |
| 24:45 | KSV · first_building Stable |
| 27:57 | CNZS_Daniel · first_market_sell 500 wood |
| 29:25 | KSV · first_building Castle |
| 29:37 | CNZS_Daniel · first_building Castle |
| 32:13 | KSV · first_market_buy 100 food |
| 32:45 | CNZS_Daniel · first_market_buy 100 food |
| 33:30 | KSV · first_market_sell 100 wood |
| 33:43 | CNZS_Daniel · age_up imperial |
| 34:46 | KSV · age_up imperial |
| 38:26 | KSV · wall_segment Palisade Wall x1 |
| 38:28 | KSV · wall_segment Palisade Wall x1 |
| 40:01 | CNZS_Daniel · resign |
[ AI ANALYSIS · 1 CREDIT ]
What really happened in this match?
Wolo.gg analyzes every decision: build order, eco, micro, common mistakes by bracket. Personalized analysis on WhatsApp or Discord in 30 seconds.
Civ guide
Japanese
Perfil
Jugador #20557174